 Dungeon Crawl Stone Soup version 0.31.0-11-ge490571c62 (webtiles) character file.

Game seed: 1878284757595316962

41 qw the Shooter (level 3, 0/20 HPs)
             Began as a Deep Elf Hunter on Feb 4, 2024.
             Slain by Natasha (5 damage)
             ... on level 2 of the Dungeon.
             The game lasted 00:00:04 (1336 turns).

qw the Shooter (Deep Elf Hunter)                    Turns: 1336, Time: 00:00:04

Health: 0/20       AC:  3    Str: 10    XL:     3   Next: 32%
Magic:  5/5        EV: 12    Int: 13    God:
Gold:   65         SH:  0    Dex: 18    Spells: 2/2 levels left

rFire   . . .        a - +0 shortbow
rCold   . . .        (shield currently unavailable)
rNeg    . . .        c - +0 leather armour
rPois   .            (no helmet)
rElec   .            (no cloak)
rCorr   .            (no gloves)
SInv    .            (no boots)
Will    .....        (no amulet)
Stlth   ++           (no ring)
HPRegen 0.23/turn    (no ring)
MPRegen 0.09/turn

%: no passive effects
@: slowed, very slow
A: no striking features
a: no special abilities


You were on level 2 of the Dungeon.
You visited 1 branch of the dungeon, and saw 2 of its levels.

You collected 104 gold pieces.
You spent 39 gold pieces at shops.


   Skills:
 - Level 1.5 Fighting
 + Level 6.9 Ranged Weapons
 - Level 2.4 Dodging
 - Level 1.2 Stealth


You had 2 spell levels left.
You didn't know any spells.
Your spell library was empty.

Inventory:

Hand Weapons
 a - a +0 shortbow (weapon)
Armour
 c - a +0 leather armour (worn)
 g - a +0 scale mail
Scrolls
 b - a scroll of amnesia {unknown}
Potions
 d - 2 potions of degeneration {unknown}
 e - a potion of curing
 f - a potion of haste {unknown}

Dungeon Overview and Level Annotations

Branches:
Dungeon (2/15)

Altars:

Shops:
D:1 ?

Annotations:
D:2 1 runed translucent door, Crazy Yiuf, Natasha, Terence


Message History

g - a +0 scale mail You shoot an arrow.
The arrow hits the ribbon worm!
The ribbon worm is heavily wounded.
You shoot an arrow. The arrow hits the ribbon worm!
You kill the ribbon worm!
You see here a ribbon worm corpse.
Natasha, Servant of Life and Death comes into view.
Found a scroll labelled ANIGAE CAWOFOTH.
You shoot an arrow. The arrow hits Natasha.
Natasha hisses angrily.
Natasha is lightly wounded.
Natasha wildly gestures.
Natasha glows brightly for a moment.
You shoot an arrow. The arrow closely misses Natasha.
You shoot an arrow.
The arrow hits Natasha but does no damage.
Natasha mumbles some strange words.
You shoot an arrow. The arrow misses the cerulean imp.
The arrow closely misses Natasha.
You shoot an arrow.
The arrow closely misses the cerulean imp.
The cerulean imp barely misses you.
You shoot an arrow. The arrow hits Natasha.
Natasha is moderately wounded.
Natasha stares at you and mumbles some strange words.
You feel yourself slow down.
The cerulean imp hits you from afar with a +2 spear.
You shoot an arrow. The arrow hits Natasha.
Natasha is heavily wounded.
The cerulean imp barely misses you. Natasha misses you.
The cerulean imp closely misses you.
You shoot an arrow. The arrow barely misses Natasha.
Natasha claws you!
The cerulean imp hits you from afar with a +2 spear.
Natasha claws you but does no damage.
The cerulean imp hits you but does no damage.
You shoot an arrow. The arrow barely misses Natasha.
Natasha claws you.
You die...
Natasha begins licking her fur clean.

#### #######
....##.....##
....$.......##
?............#
.......>.....#
....$5.......# ######
......h@.....######...#.
.....<..................
.....>........))#.......
.......[....#.#.........
....##.....##.##........
#### ########.####......
####### #.# ##...#.
#.....# ###.# #..###
#..)..# #...# ##..#.


You could see Natasha and a cerulean imp (summoned).

Vanquished Creatures
  An adder (D:2)
  A dart slug (D:1)
  A ribbon worm (D:2)
  2 ball pythons (D:2)
  3 endoplasms
  2 giant cockroaches (D:1)
  A goblin (D:2)
  5 hobgoblins
  A bat (D:1)
  3 frilled lizards
  4 kobolds
  3 rats
27 creatures vanquished.

Notes
Turn   | Place    | Note
-------+----------+-------------------------------------------
     0 | D:1      | qw the Deep Elf Hunter began the quest for the Orb.
     0 | D:1      | Reached XP level 1. HP: 12/12 MP: 3/3
     0 | D:1      | 0 ||| qw: Version: 0.3-a-160-g6735b56
     0 | D:1      | 0 ||| qw: Game counter: 5029
     0 | D:1      | 0 ||| qw: Melee chars always use a shield: true
     0 | D:1      | 0 ||| qw: God list: Okawaru
     0 | D:1      | 0 ||| qw: Allow faded altars: false
     0 | D:1      | 0 ||| qw: Do Orc after clearing Dungeon:15 true
     0 | D:1      | 0 ||| qw: Do second Lair branch before Depths: true
     0 | D:1      | 0 ||| qw: Lair rune preference: random
     0 | D:1      | 0 ||| qw: Goals: Normal
     0 | D:1      | 0 ||| PLANNING D:1-11
   341 | D:1      | Reached skill level 6 in Ranged Weapons
   341 | D:1      | Reached XP level 2. HP: 16/16 MP: 4/4
   672 | D:1      | Found Ithousak's Magic Scroll Emporium.
   675 | D:1      | 675 ||| BUYING scroll of teleportation (39 gold).
   675 | D:1      | Bought a scroll of teleportation for 39 gold pieces
   675 | D:1      | 675 ||| SHOPLISTING scroll of teleportation (39 gold, have
                  | 14).
   906 | D:1      | 906 ||| READING scroll labelled ISAQEV XITHRONE.
   907 | D:1      | 907 ||| DRINKING 2 bubbling green potions.
   908 | D:1      | 908 ||| DROPPING scroll of butterflies.
  1115 | D:2      | Found a runed translucent door.
  1116 | D:2      | Noticed Crazy Yiuf
  1134 | D:2      | Reached XP level 3. HP: 20/20 MP: 5/5
  1141 | D:2      | Noticed Terence
  1148 | D:2      | HP: 5/20 [Terence/+0 trident (7)]
  1149 | D:2      | 1149 ||| READING scroll of teleportation.
  1155 | D:2      | 1155 ||| FLEEEEING.
  1171 | D:2      | 1171 ||| FLEEEEING.
  1173 | D:2      | 1173 ||| FLEEEEING.
  1175 | D:2      | 1175 ||| FLEEEEING.
  1210 | D:2      | 1210 ||| FLEEEEING.
  1211 | D:2      | 1211 ||| FLEEEEING.
  1212 | D:2      | 1212 ||| FLEEEEING.
  1213 | D:2      | 1213 ||| FLEEEEING.
  1215 | D:2      | 1215 ||| FLEEEEING.
  1327 | D:2      | Noticed Natasha
  1335 | D:2      | HP: 5/20 [cerulean imp/+2 spear[Natasha] (5)]
  1336 | D:2      | Slain by Natasha

Levels and vault maps discovered:
D:1:      dpeg_arrival_boxes_within_box, layout_basic, serial_shops,
          nicolae_shop_rolled_up, chequers_jeans, kennysheep_flooded_box
D:2:      layout_rooms, uniq_terence, uniq_crazy_yiuf_cottage, uniq_natasha

Skill      XL: |  1 |
---------------+----+-----
Ranged Weapons | 6 |  6.9
Fighting       | |  1.5
Dodging        | |  2.4
Stealth        | |  1.2

Action                     || total
---------------------------++-------
   Fire: Shortbow          ||    80
    Use: Scroll            ||     2
         Potion            ||     1
 Armour: Leather armour    ||    14
  Dodge: Dodged            ||    15

Table legend:
 A = Non-vault XP
 B = Vault XP
 C = Vault XP percentage of total XP
 D = Non-vault monster count
 E = Vault monster count
 F = Vault count percentage of total count
                 A         B        C        D         E       F
            +---------+---------+-------+---------+---------+-------
      Total |      59 |       0 |   0.0 |      27 |       0 |   0.0
            +---------+---------+-------+---------+---------+-------
        D:1 |      20 |       0 |   0.0 |      12 |       0 |   0.0
        D:2 |      39 |       0 |   0.0 |      15 |       0 |   0.0
            +---------+---------+-------+---------+---------+-------
